 Dungeon Crawl Stone Soup version 0.27.1-3-gb3d3a73c9e (webtiles) character file.

Game seed: 16846028499455582272

84 barney the Changer (level 4, -1/35 HPs)
             Began as a Draconian Transmuter on Oct 5, 2021.
             Slain by a gnoll (9 damage)
             ... on level 2 of the Dungeon.
             The game lasted 00:01:39 (1903 turns).

barney the Changer (Draconian Transmuter)           Turns: 1903, Time: 00:01:40

Health: -1/35      AC:  5    Str: 13    XL:     4   Next: 23%
Magic:  7/7        EV: 12    Int: 14    God:
Gold:   108        SH:  0    Dex: 11    Spells: 1/7 levels left

rFire    . . .     SeeInvis .   e - +1 dagger (freeze)
rCold    . . .     Faith    .   (no shield)
rNeg     . . .     Spirit   .   (armour unavailable)
rPois    .         Reflect  .   (helmet currently unavailable)
rElec    .         Harm     .   (no cloak)
rCorr    +         Rampage  .   (no gloves)
Will     .....                  (boots currently unavailable)
Stlth    +.........             d - amulet of magic regeneration
HPRegen  0.11/turn              g - ring of resist corrosion
MPRegen  0.35/turn              (no ring)

@: appendages
A: horns 2, talons 2, AC +5, unfitting armour, cold-blooded
a: End Transformation


You were on level 2 of the Dungeon.
You had temporarily grown beastly horns and talons.
You visited 1 branch of the dungeon, and saw 2 of its levels.

You collected 108 gold pieces.

Inventory:

Hand Weapons
 a - a +2 dagger of speed
 e - a +1 dagger of freezing (weapon)
Magical Staves
 f - a staff of fire
Jewellery
 d - an amulet of magic regeneration (around neck)
 g - a ring of resist corrosion (left hand)
Scrolls
 b - 4 scrolls of identify {unknown}
 h - a scroll of amnesia {unknown}
 i - a scroll of teleportation {unknown}
Potions
 c - a potion of flight {unknown}


   Skills:
 - Level 1.1 Fighting
 - Level 1.7 Dodging
 - Level 3.0 Unarmed Combat
 - Level 2.0 Spellcasting
 + Level 4.5 Transmutations


You had one spell level left.
You knew the following spells:

 Your Spells              Type           Power      Damage    Failure   Level
a - Beastly Appendage     Tmut           28%        N/A       3%          1
b - Spider Form           Tmut/Pois      3%         N/A       28%         3
c - Wereblood             Tmut           14%        N/A       5%          2

Your spell library contained the following spells:

 Spells                   Type           Power      Damage    Failure   Level
 Ice Form                 Ice/Tmut       7%         N/A       67%         4


Dungeon Overview and Level Annotations

Branches:
Dungeon (2/15)

Altars:
Uskayaw


Innate Abilities, Weirdness & Mutations

You have temporarily grown beastly horns and talons.
Your plain brown scales are hard. (AC +5)
You cannot fit into any form of body armour.
You are cold-blooded and may be slowed by cold attacks.


Message History

A gnoll comes into view. It is wielding a +0 spear.
A gnoll comes into view. It is wielding a +0 club.
The gnoll shouts!
A goblin comes into view. It is wielding a +0 club.
There are monsters nearby!
A gnoll comes into view. It is wielding a +0 flail.
The goblin shouts!
There are monsters nearby!
The gnoll hits you but does no damage. x2
You hit the gnoll. You freeze the gnoll.
The gnoll is heavily wounded.
The gnoll hits you from afar with a +0 spear.
The gnoll misses you.
Casting: Beastly Appendage (safe; 4% risk of failure)
Confirm with . or Enter, or press ? or * to list all spells.
You don't know that spell.
Unknown command.
Casting: Beastly Appendage (safe; 4% risk of failure)
Confirm with . or Enter, or press ? or * to list all spells.
You grow a pair of large bovine horns.
Your feet morph into talons.
The goblin barely misses you.
You hit the goblin. You freeze the goblin. You claw the goblin.
You kill the goblin!
The gnoll closely misses you.
You hit the gnoll. You freeze the gnoll. You claw the gnoll.
You kill the gnoll!
The gnoll closely misses you.
An adder comes into view.
The gnoll hits you with a +0 flail! The gnoll hits you with a +0 spear.
Items here: )) ††.
The adder hisses angrily.
You hit the gnoll but do no damage. You tail-slap the gnoll.
The gnoll is moderately wounded.
The gnoll hits you with a +0 flail! The gnoll barely misses you.
You hit the gnoll but do no damage. You headbutt the gnoll.
The gnoll is moderately wounded.
The gnoll hits you with a +0 flail! The gnoll hits you with a +0 spear.
* * * LOW HITPOINT WARNING * * *
The gnoll hits you from afar with a +0 spear!
You die...

#......†.........#
#................#
#................#
###..............#
#.....###...##.###
#.....# #.#......#
#.....###.#..#.#.#
###..............#.#
#............#@#.#.######
#............#g#.........
#............#g..........
#............##..........
#............##S.........
#............##.>........
#............###..:......
#............# #.........
#.........


You could see 2 gnolls and an adder.

Vanquished Creatures
  Jessica (D:2)
  A gnoll (D:2)
  A dart slug (D:1)
  5 bats
  4 endoplasms (D:1)
  5 giant cockroaches
  3 goblins
  A hobgoblin (D:1)
  A quokka (D:1)
  10 ball pythons
  2 frilled lizards (D:1)
  7 kobolds
  5 rats (D:1)
46 creatures vanquished.

Notes
Turn   | Place    | Note
-------+----------+-------------------------------------------
     0 | D:1      | barney the Draconian Transmuter began the quest for the
                  | Orb.
     0 | D:1      | Reached XP level 1. HP: 16/16 MP: 3/3
    22 | D:1      | Found a faded altar of an unknown god.
   106 | D:1      | Reached XP level 2. HP: 17/23 MP: 3/5
   227 | D:1      | Reached skill level 3 in Transmutations
   759 | D:1      | Reached XP level 3. HP: 27/28 MP: 6/6
   763 | D:1      | Learned a level 3 spell: Spider Form
   766 | D:1      | Learned a level 2 spell: Wereblood
   995 | D:1      | You fall into a shaft and drop 1 floor!
  1052 | D:2      | Found a hide-covered altar of Uskayaw.
  1530 | D:2      | Noticed Jessica
  1533 | D:2      | Killed Jessica
  1534 | D:2      | Reached skill level 4 in Transmutations
  1815 | D:2      | Reached XP level 4. HP: 35/35 MP: 7/7
  1903 | D:2      | Slain by a gnoll

Illustrated notes

Levels and vault maps discovered:
D:1:      psy_arrival_radial02, layout_rooms, hellmonk_ecumenical_altar_run_dry,
          corexii_hall_statues_s
D:2:      layout_basic, basic_altar, uniq_jessica

Skill      XL: |  1  2  3 |
---------------+----------+-----
Transmutations | 3 4 |  4.5
Fighting       | |  1.1
Dodging        | |  1.7
Unarmed Combat | |  3.0
Spellcasting   | |  2.0

Action                   |  1- 3 |  4- 6 || total
-------------------------+-------+-------++-------
Melee: Unarmed           |    36 |       ||    36
       Kick              |    11 |     4 ||    15
       Headbutt          |    11 |     1 ||    12
       Tailslap          |     8 |     2 ||    10
       Dagger            |    42 |    11 ||    53
 Cast: Beastly Appendage |    21 |     2 ||    23
Armor: Skin              |    26 |     4 ||    30
Dodge: Dodged            |    57 |     9 ||    66
